 Dungeon Crawl Stone Soup version 0.31-a0-963-ga325b2283a (webtiles) character file.

Game seed: 4222262034870449804

3410 Newt the Skirmisher (level 10, -1/64 HPs)
             Began as a Kobold Hunter on Oct 24, 2023.
             Was an Initiate of Hepliaklqana.
             Slain by a large abomination (14 damage)
             ... created by the touch of Lugonu
             ... on level 8 of the Dungeon.
             The game lasted 00:12:02 (8533 turns).

Newt the Skirmisher (Kobold Hunter)                 Turns: 8533, Time: 00:12:02

Health: -1/64      AC:  9    Str:  6    XL:     10   Next: 25%
Magic:  10/10      EV: 16    Int: 15    God:    Hepliaklqana [......]
Gold:   302        SH:  0    Dex: 30    Spells: 9/9 levels left

rFire   . . .        a - +0 shortbow
rCold   . . .        (shield currently unavailable)
rNeg    . . .        q - +0 ring mail "Fuupeuts" {Dex+3}
rPois   .            (no helmet)
rElec   .            x - +2 cloak
rCorr   .            (no gloves)
SInv    .            (no boots)
Will    .....        (no amulet)
Stlth   +++          l - +6 ring of intelligence
HPRegen 0.30/turn    v - +4 ring of slaying
MPRegen 0.12/turn

%: no passive effects
@: no status effects
A: small, no large weapons, nightstalker 3, agile 1, weak 1
a: Renounce Religion


You were on level 8 of the Dungeon.
You worshipped Hepliaklqana.
Hepliaklqana was noncommittal.
You visited 2 branches of the dungeon, and saw 9 of its levels.
You visited the Abyss 1 time.
You also visited: Sewer and Ossuary.

You collected 359 gold pieces.
You spent 57 gold pieces at shops.

Inventory:

Hand Weapons
 a - a +0 shortbow (weapon)
Armour
 c - a +1 leather armour
 g - a +0 cloak
 q - the +0 ring mail "Fuupeuts" (worn) {Dex+3}
   (You found it on level 4 of the Dungeon)

   Dex+3:     It affects your dexterity (+3).
 u - a +3 leather armour
 x - a +2 cloak (worn)
Jewellery
 l - a +6 ring of intelligence (left hand)
 v - a +4 ring of slaying (right hand)
Wands
 j - a wand of iceblast (15)
Scrolls
 h - 2 scrolls of fog
 o - 3 scrolls of vulnerability
Potions
 d - a potion of cancellation {unknown}
 e - 5 potions of degeneration
 f - 5 potions of magic
 i - a potion of lignification {unknown}
 k - 3 potions of mutation
 m - 2 potions of heal wounds {unknown}
 n - a potion of resistance
 p - 2 potions of attraction
 r - a potion of brilliance
 s - a potion of invisibility
 t - 3 potions of might {unknown}


   Skills:
 - Level 8.0 Fighting
 + Level 13.8 Ranged Weapons
 - Level 4.0 Armour
 - Level 6.0 Dodging
 - Level 1.3 Stealth


You had 9 spell levels left.
You didn't know any spells.
Your spell library contained the following spells:

 Spells                   Type           Power      Damage    Failure   Level
 Kiss of Death            Conj/Necr      0%         2d5       67%         1
 Slow                     Hex            0%         N/A       67%         1
 Static Discharge         Conj/Air       0%         3-3/arc   82%         2
 Wereblood                Tmut           0%         N/A       82%         2
 Confusing Touch          Hex            0%         N/A       96%         3
 Dazzling Flash           Conj/Hex       0%         N/A       96%         3
 Hailstorm                Conj/Ice       0%         3d3       96%         3
 Sigil of Binding         Hex            0%         N/A       96%         3
 Vampiric Draining        Necr           0%         2d6       96%         3
 Volatile Blastmotes      Fire/Tloc      0%         2d10      96%         3
 Airstrike                Air            0%         2d(0-16)  100%        4
 Dispel Undead            Necr           0%         3d6       100%        4
 Summon Ice Beast         Ice/Summ       0%         N/A       100%        4
 Summon Lightning Spire   Summ/Air       0%         N/A       100%        4
 Irradiate                Conj/Tmut      0%         3d11      100%        5
 Iskenderun's Battlesphe  Conj           0%         2d6       100%        5
 Bombard                  Conj/Erth      0%         9d1       100%        6
 Simulacrum               Ice/Necr       0%         N/A       100%        6
 Starburst                Conj/Fire      0%         6d3       100%        6
 Spellforged Servitor     Conj/Summ      0%         N/A       100%        7
 Maxwell's Capacitive Co  Air            0%         ∞         100%        8


Dungeon Overview and Level Annotations

Branches:
Dungeon (8/15)             Temple (1/1) D:7           Sewer (visited)
Ossuary (visited)
   Lair: D:8-11

Altars:
Ashenzari
Cheibriados
Dithmenos
Elyvilon
Fedhas
Gozag
Hepliaklqana
Kikubaaqudgha
Makhleb
Nemelex Xobeh
Okawaru
Qazlal
Ru
Sif Muna
Trog
Uskayaw
Vehumet
Wu Jian
Xom
Yredelemnul
Zin
The Shining One

Shops:
D:2 *


Innate Abilities, Weirdness & Mutations

You are small and have problems with some larger weapons.
You are completely attuned to the shadows.
You are agile. (Dex +4, Str/Int -1)
You are weak. (Str -2)


Message History

Aim: an ice beast (water, 76% to hit)
You shoot an arrow.
The arrow hits the ice beast but does no damage.
Unknown command.
Unknown command.
Fire: a) +0 shortbow
Press: ? - help, Shift-Dir - straight line, f/p - ice beast
Aim: an ice beast (76% to hit)
You shoot an arrow. The arrow hits the ice beast!
The ice beast is severely wounded.
Unknown command.
Unknown command.
Fire: a) +0 shortbow
Press: ? - help, Shift-Dir - straight line, f/p - ice beast
Aim: an ice beast (severely wounded, 76% to hit)
You shoot an arrow. The arrow hits the ice beast!
You kill the ice beast!
Unknown command.
You start resting.
A large abomination is nearby!
You shoot an arrow. The arrow hits the large abomination!
The large abomination is moderately damaged.
The large abomination hits you but does no damage.
You shoot an arrow.
The arrow hits the large abomination but does no damage.
The large abomination is moderately damaged.
The large abomination hits you!
* * * LOW HITPOINT WARNING * * *
You shoot an arrow.
The arrow hits the large abomination but does no damage.
The large abomination is moderately damaged.
The large abomination barely misses you.
You shoot an arrow.
The arrow closely misses the large abomination.
The large abomination completely misses you.
You shoot an arrow.
The arrow hits the large abomination but does no damage.
The large abomination is moderately damaged.
The large abomination hits you!
You die...

#......#
##.##
#...(..#~~
#.X.#
#.....##..
#...#
..........S
#.<.#
#####..#~~~
......#
#..#≈~≈~
Y##...#
##...~≈~
#...#
#.#.~~.
#...#
#@#~S~h
#ZX# ~ ##.#
#....≈
##.#.S .. ~
###


You could see a large abomination and a wyvern simulacrum.

Vanquished Creatures
  2 ancient zymes (D:7)
  Sigmund (D:3)
  A yak (D:8)
  Edmund (D:6)
  A water moccasin (D:7)
  4 orc warriors (D:7)
  2 ice beasts
  A sky beast (D:5)
  2 ogres (D:5)
  2 wolves (D:8)
  2 centaurs
  A phantom (D:7)
  An elf zombie (Ossuary)
  4 kobold brigands
  6 scorpions
  3 howler monkeys
  2 centaur zombies (Ossuary)
  6 human zombies (Ossuary)
  2 jellies
  2 orc priests
  A sleepcap (D:7)
  4 iguanas
  An orc wizard (D:7)
  2 mummies (Ossuary)
  11 adders
  2 river rats
  A white imp (D:7)
  2 ufetubi (D:5)
  An adder zombie (Ossuary)
  5 worms
  3 dart slugs
  25 orcs
  8 ball pythons
  11 bats
  13 endoplasms
  4 giant cockroaches
  7 goblins
  6 hobgoblins
  3 jackals (D:5)
  3 quokkas
  2 frilled lizards (D:3)
  9 hobgoblin zombies (Ossuary)
  A jackal zombie (Ossuary)
  15 kobolds
  12 kobold zombies (Ossuary)
  4 orc zombies (Ossuary)
  14 rats
216 creatures vanquished.

Vanquished Creatures (others)
  4 starspawn tentacles (D:6)
4 creatures vanquished.

Grand Total: 220 creatures vanquished

Notes
Turn   | Place    | Note
-------+----------+-------------------------------------------
     0 | D:1      | Newt the Kobold Hunter began the quest for the Orb.
     0 | D:1      | Reached XP level 1. HP: 12/12 MP: 1/1
   145 | D:1      | Reached XP level 2. HP: 18/18 MP: 2/2
   637 | D:1      | Reached XP level 3. HP: 22/23 MP: 3/3
   886 | D:2      | Found Meryedoi's Assorted Antiques.
   892 | D:2      | Bought a scroll labelled NYWIM JEUNU for 30 gold pieces
   892 | D:2      | Bought a bubbling grey potion for 27 gold pieces
  1035 | D:2      | Found a faded altar of an unknown god.
  1053 | D:2      | Reached XP level 4. HP: 30/30 MP: 4/4
  1541 | D:3      | Reached skill level 5 in Fighting
  1577 | D:3      | Found a shadowy altar of Dithmenos.
  1588 | D:3      | Gained mutation: You have sharp fingernails. [potion of
                  | mutation]
  1630 | D:3      | Found a glowing silver altar of Zin.
  1699 | D:3      | Lost mutation: You have sharp fingernails. [potion of
                  | mutation]
  1699 | D:3      | Gained mutation: You are agile. (Dex +4, Str/Int -1)
                  | [potion of mutation]
  1699 | D:3      | Gained mutation: You are weak. (Str -2) [potion of
                  | mutation]
  1818 | D:3      | Reached XP level 5. HP: 32/35 MP: 5/5
  1968 | D:3      | Reached skill level 6 in Ranged Weapons
  2002 | D:3      | Noticed Sigmund
  2018 | D:3      | Killed Sigmund
  2019 | D:3      | Reached skill level 8 in Ranged Weapons
  2019 | D:3      | Reached XP level 6. HP: 26/40 MP: 6/6
  2226 | D:3      | Found a faded altar of an unknown god.
  2227 | D:3      | Found a bloodstained altar of Trog.
  2988 | D:4      | Reached skill level 9 in Ranged Weapons
  2988 | D:4      | Reached XP level 7. HP: 12/44 MP: 7/7
  3129 | D:4      | Identified the +0 ring mail "Fuupeuts" {Dex+3}
  3151 | D:4      | Found a sparkling altar of Nemelex Xobeh.
  3473 | D:4      | Reached skill level 10 in Ranged Weapons
  3856 | D:5      | Entered Level 5 of the Dungeon
  3920 | D:5      | Reached XP level 8. HP: 21/49 MP: 8/8
  3923 | D:5      | Found a stormy altar of Qazlal.
  3944 | D:5      | Found a glowing drain.
  3972 | Sewer    | Entered a sewer
  4330 | Sewer    | Reached skill level 5 in Dodging
  4506 | Sewer    | Reached skill level 1 in Armour
  5138 | D:5      | Found a blossoming altar of Fedhas.
  5211 | D:5      | Found a snail-covered altar of Cheibriados.
  5527 | D:6      | Reached XP level 9. HP: 54/54 MP: 9/9
  5639 | D:6      | Noticed Edmund
  5644 | Abyss:1  | Cast into level 1 of the Abyss (Edmund)
  5649 | Abyss:1  | Noticed a brown ugly thing
  5658 | Abyss:1  | Found a corrupted altar of Lugonu.
  5664 | Abyss:1  | Became a worshipper of Lugonu the Unformed
  5664 | Abyss:1  | Reached * piety under Lugonu
  5664 | Abyss:1  | Reached ** piety under Lugonu
  5665 | D:6      | Escaped the Abyss
  5834 | D:7      | Found a white marble altar of Elyvilon.
  5852 | D:7      | Found a sand-covered staircase.
  5857 | Ossuary  | Entered an ossuary
  5981 | Ossuary  | Reached skill level 11 in Ranged Weapons
  6017 | Ossuary  | HP: 2/54 [elf zombie (3)]
  6026 | Ossuary  | HP: 2/54 [elf zombie (5)]
  6088 | Ossuary  | Reached skill level 12 in Ranged Weapons
  6355 | D:7      | Found a broken altar of Ashenzari.
  6384 | D:7      | Found a flagged portal.
  6903 | D:7      | Reached *** piety under Lugonu
  7129 | D:7      | Found a staircase to the Ecumenical Temple.
  7271 | Temple   | Entered the Ecumenical Temple
  7284 | Temple   | Fell from the grace of Lugonu
  7284 | Temple   | Became a worshipper of Hepliaklqana the Forgotten
  7332 | D:6      | Killed Edmund
  7333 | D:6      | Reached XP level 10. HP: 54/64 MP: 10/10
  7346 | D:6      | Noticed a tentacled starspawn
  7574 | D:7      | Noticed a starcursed mass
  7746 | D:8      | Reached skill level 13 in Ranged Weapons
  7764 | D:8      | Noticed a large abomination
  7877 | D:7      | Noticed a wretched star
  8533 | D:8      | Slain by a large abomination

Illustrated notes

Levels and vault maps discovered:
D:1:      tekkud_arrival_beachfront_property, layout_loops_cross
D:2:      layout_rooms, ebering_ecumenical_altar_hall, serial_shops, shop
D:3:      layout_loops_ring, nicolae_dithmenos_shadow_blocks,
          nicolae_overflow_ecumenical_swirl, zin_statuary, serial_forest,
          infiniplex_forest_clump_long, infiniplex_forest_lined_ring,
          infiniplex_forest_lined_1, infiniplex_forest_straight_4,
          infiniplex_forest_zigzag_1, infiniplex_forest_zigzag_1,
          infiniplex_forest_straight_5, infiniplex_forest_end_1, uniq_sigmund
D:4:      old_forge, layout_basic, amcnicky_altar_gilded,
          minmay_misc_feat_four_crosses
D:5:      layout_basic, nicolae_overflow_hidden_temple,
          nicolae_qazlal_beasts_of_the_sky, fedhas_bush_and_centaur_altar,
          cheibrodos_sewer_entry_sluice
D:6:      layout_gridville, uniq_edmund
D:7:      layout_rooms, mainiacjoe_overflow_catwalk_spiral, temple_doors_e,
          enter_bailey_5, enter_ossuary_2
D:8:      layout_rooms, serial_ice, serial_ice_j, serial_ice_m, serial_ice_c,
          serial_ice_n, serial_ice_e, serial_ice_a, serial_ice_o
Temple:   dshaligram_water_room_temple

Skill      XL: |  1  2  3  4  5  6  7  8  9 10 |
---------------+-------------------------------+-----
Fighting       | 3 4 5 8 |  8.0
Ranged Weapons | 8 9 10 12 13 | 13.8
Dodging        | 4 6 |  6.0
Armour         | 4 |  4.0
Stealth        | |  1.3

Action                     |  1- 3 |  4- 6 |  7- 9 | 10-12 || total
---------------------------+-------+-------+-------+-------++-------
   Fire: Shortbow          |    66 |   148 |   483 |    80 ||   777
 Invoke: Depart the Abyss  |       |       |     1 |       ||     1
  Evoke: Wand              |       |       |     2 |       ||     2
    Use: Scroll            |       |     9 |     9 |     4 ||    22
         Potion            |       |     3 |     6 |       ||     9
 Armour: Leather armour    |     6 |    30 |       |       ||    36
         Ring mail         |       |       |   194 |    43 ||   237
  Dodge: Dodged            |    11 |    48 |   260 |    58 ||   377

Table legend: (Time is in decaauts)
 A = Elapsed time spent in this place.
 B = Non-inter-level travel time spent in this place.
 C = Inter-level travel time spent in this place.
 D = Time resting spent in this place.
 E = Time spent auto-exploring this place.
 F = Levels seen in this place.
 G = Mean time per level.
                   A        B        C        D        E       F      G
               +--------+--------+--------+--------+--------+-----+--------+
         Total |   8701 |   8410 |    291 |   1433 |   5372 |  12 |  725.1 |
       Dungeon |   7382 |   7117 |    265 |   1057 |   4836 |   8 |  922.8 |
        Temple |     26 |      1 |     25 |      0 |      0 |   1 |   26.0 |
         Abyss |     20 |     20 |      0 |      0 |      0 |   1 |   20.0 |
         Sewer |    782 |    782 |      0 |    223 |    411 |   1 |  782.0 |
       Ossuary |    489 |    489 |      0 |    153 |    125 |   1 |  489.0 |
               +--------+--------+--------+--------+--------+-----+--------+

Top non-repeatable levels by time:
     D:7: 1624 daAuts
     D:4: 1427 daAuts
     D:3: 1114 daAuts
     D:5: 938 daAuts
   Sewer: 782 daAuts
     D:6: 762 daAuts
     D:1: 746 daAuts
     D:2: 607 daAuts
 Ossuary: 489 daAuts
     D:8: 161 daAuts
  Temple: 26 daAuts
 Abyss:1: 20 daAuts
